 Dungeon Crawl Stone Soup version 0.31-a0-846-gb3bcc0d938 (console) character file.

Game seed: 5047113433689726543

204 petzl the Sneak (level 6, 0/47 HPs)
             Began as a Formicid Delver on Oct 3, 2023.
             Slain by a jelly (2 damage)
             ... on level 4 of the Dungeon.
             The game lasted 00:09:51 (3277 turns).

petzl the Sneak (Formicid Delver)                   Turns: 3277, Time: 00:09:51

Health: 0/47       AC: -7    Str: 17    XL:     6   Next: 9%
Magic:  14/14      EV: 12    Int: 17    God:
Gold:   112        SH:  0    Dex: 15    Spells: 15/15 levels left

rFire   . . .        b - +1 short sword (venom)
rCold   . . .        (no shield)
rNeg    . . .        F - +0 leather armour
rPois   .            (helmet unavailable)
rElec   .            h - +0 cloak
rCorr   .            l - +0 pair of gloves
SInv    +            (no boots)
Will    .....        p - amulet of the acrobat
Stlth   +++          u - +6 ring of intelligence
HPRegen 0.27/turn    (no ring)
MPRegen 0.14/turn

%: acrobat
@: corroded
A: permanent stasis, dig shafts and tunnels, antennae 3, four strong arms
a: Dig, Shaft Self


You were on level 4 of the Dungeon.
You visited 1 branch of the dungeon, and saw 6 of its levels.

You collected 112 gold pieces.

Inventory:

Hand Weapons
 a - a +1 sling of freezing
 b - a +1 short sword of venom (weapon)
 r - a +2 short sword of protection
 w - the +5 falchion of the Bright God {drain, Int+6}
   (You found it on level 2 of the Dungeon)

   Int+6:     It affects your intelligence (+6).
 G - a +2 scimitar of distortion
Missiles
 e - 3 poisoned darts
 k - 6 boomerangs
Armour
 h - a +0 cloak (worn)
 l - a +0 pair of gloves (worn)
 F - a +0 leather armour (worn)
Jewellery
 p - an amulet of the acrobat (around neck)
 u - a +6 ring of intelligence (left hand)
 z - a ring of fire
Wands
 f - a wand of digging (1)
 o - a wand of mindburst (16)
Scrolls
 c - a scroll of fog
 d - a scroll of revelation
 t - a scroll of identify
 y - 2 scrolls of immolation
 C - a scroll of silence
 D - a scroll of poison
Potions
 i - a potion of enlightenment {unknown}
 j - 4 potions of curing {unknown}
 n - a potion of mutation {unknown}
 q - 3 potions of berserk rage {unknown}
 v - a potion of heal wounds {unknown}
 x - a potion of might {unknown}
 B - a potion of ambrosia {unknown}
 E - a potion of attraction {unknown}


   Skills:
 + Level 3.3 Fighting
 - Level 2.0 Maces & Flails
 + Level 0.1 Ranged Weapons
 - Level 1.7 Dodging
 - Level 6.0 Stealth
 + Level 5.3 Spellcasting


You had 15 spell levels left.
You didn't know any spells.
Your spell library contained the following spells:

 Spells                   Type           Power      Damage    Failure   Level
 Lesser Beckoning         Tloc           8%         N/A       26%         2
 Gell's Gravitas          Tloc           4%         N/A       45%         3
 Teleport Other           Tloc           4%         N/A       45%         3


Dungeon Overview and Level Annotations

Branches:
Dungeon (6/15)
 Temple: D:4-7

Altars:

Shops:
D:5 [

Annotations:
D:2 Sigmund
D:4 exclusion: downstairs
D:5 exclusion: sensed monster (detected)
D:6 exclusions: sensed monster (detected) and sky beast


Innate Abilities, Weirdness & Mutations

You cannot be hasted, slowed, berserked, paralysed or teleported.
You can dig through walls and to a lower floor.
You have a pair of large antennae on your head. (SInv)
Your four strong arms can wield two-handed weapons with a shield.


Message History

Found a stone staircase leading down.
A ball python is nearby!
A ball python is nearby!
You shoot a sling bullet.
The sling bullet closely misses the ball python.
The ball python hisses angrily.
A jelly comes into view.
You shoot a sling bullet.
The sling bullet completely misses the ball python.
You shoot a sling bullet. The sling bullet hits the ball python.
The sling bullet freezes the ball python.
You kill the ball python!
You shoot a sling bullet. The sling bullet hits the jelly.
The sling bullet freezes the jelly.
The jelly is moderately wounded.
You shoot a sling bullet. The sling bullet hits the jelly.
The sling bullet freezes the jelly.
The jelly is severely wounded.
Your +1 sling of freezing stops glowing.
Your +1 short sword of venom begins to drip with poison!
b - a +1 short sword of venom (weapon)
You hit the jelly.
Your hands burn!
The jelly is severely wounded.
The jelly hits you.
You are splashed with acid!
You hit the jelly. The acid corrodes you!
Your hands burn!
The jelly is severely wounded.
The jelly hits you. The acid corrodes you!
You are splashed with acid!
You hit the jelly but do no damage.
Your hands burn!
The jelly is severely wounded.
The jelly jiggles.
The jelly hits you.
* * * LOW HITPOINT WARNING * * *
You are splashed with acid.
* * * LOW HITPOINT WARNING * * *
You hit the jelly.
The jelly is poisoned.
The acid corrodes you!
Your hands burn!
* * * LOW HITPOINT WARNING * * *
The jelly is severely wounded.
The jelly hits you.
You die...

### #.. #.#
######.#
#<...#.#
###.##.#
#.##.#
#....####
#####...#
#@#.#
.>....J.#.#
..........#
{
,....#...###
{ ..# .....
{{ # ....##
..... #.#.#.


You could see a jelly (very poisoned).

Vanquished Creatures
  An orc priest (D:2)
  An iguana (D:3)
  Robin (D:2)
  6 adders
  An ufetubus (D:5)
  2 worms (D:2)
  2 orcs (D:2)
  7 bats
  9 endoplasms
  2 giant cockroaches (D:1)
  11 goblins
  5 hobgoblins
  2 jackals (D:3)
  A quokka (D:2)
  6 ball pythons
  A frilled lizard (D:3)
  10 kobolds
  6 rats
74 creatures vanquished.

Notes
Turn   | Place    | Note
-------+----------+-------------------------------------------
     0 | D:5      | petzl the Formicid Delver began the quest for the Orb.
     0 | D:5      | Reached XP level 1. HP: 18/18 MP: 1/1
   109 | D:5      | Reached skill level 1 in Spellcasting
   194 | D:5      | Noticed a phantom
   375 | D:6      | Noticed a sky beast
   509 | D:5      | Noticed a scorpion
   525 | D:5      | Reached XP level 2. HP: 15/24 MP: 3/5
   673 | D:3      | Reached XP level 3. HP: 13/29 MP: 6/6
   794 | D:3      | Reached XP level 4. HP: 34/35 MP: 6/8
  1353 | D:2      | Identified the +5 falchion of the Bright God {drain, Int+6}
  1537 | D:1      | Reached XP level 5. HP: 41/41 MP: 11/11
  1992 | D:2      | Noticed Robin
  2010 | D:2      | You fall into a shaft and drop 2 floors!
  2360 | D:2      | Killed Robin
  2407 | D:2      | Reached skill level 5 in Spellcasting
  2538 | D:2      | Reached XP level 6. HP: 22/47 MP: 13/13
  2664 | D:2      | Noticed Sigmund
  3277 | D:4      | HP: 2/47 [acid (5)]
  3277 | D:4      | Slain by a jelly

Illustrated notes

Levels and vault maps discovered:
D:1:      lemuel_arrival_hallway, layout_rooms
D:2:      minmay_angry_zag, layout_basic, corexii_leaking_fountain, uniq_robin,
          uniq_sigmund
D:3:      layout_basic
D:4:      layout_basic, temple_fountains, serial_glass, glass_columns_a,
          glass_columns_c
D:5:      layout_basic, serial_shops, shop, shop, nicolae_zen_rock_garden
D:6:      layout_loops_corners, kennysheep_mini_moat,
          mainiacjoe_overflow_alcove_4, columned_hall_lemuel

Skill      XL: |  1  2  3  4  5 |
---------------+----------------+-----
Spellcasting   | 2 3 4 5 |  5.3
Fighting       | |  3.3
Maces & Flails | |  2.0
Ranged Weapons | |  0.1
Dodging        | |  1.7
Stealth        | |  6.0

Action                     |  1- 3 |  4- 6 || total
---------------------------+-------+-------++-------
  Melee: Mace              |    11 |       ||    11
         Short sword       |     6 |   174 ||   180
         Punch             |     1 |       ||     1
   Fire: Sling             |       |    11 ||    11
Ability: Shaft Self        |       |     1 ||     1
  Evoke: Wand              |     2 |       ||     2
    Use: Scroll            |     1 |     6 ||     7
   Stab: Sleeping          |       |    13 ||    13
 Armour: Leather armour    |    13 |    93 ||   106
  Dodge: Dodged            |    15 |   117 ||   132

Table legend: (Time is in decaauts)
 A = Elapsed time spent in this place.
 B = Non-inter-level travel time spent in this place.
 C = Inter-level travel time spent in this place.
 D = Time resting spent in this place.
 E = Time spent auto-exploring this place.
 F = Levels seen in this place.
 G = Mean time per level.
                   A        B        C        D        E       F      G
               +--------+--------+--------+--------+--------+-----+--------+
         Total |   3284 |   3034 |    250 |    389 |   1784 |   6 |  547.3 |
       Dungeon |   3284 |   3034 |    250 |    389 |   1784 |   6 |  547.3 |
               +--------+--------+--------+--------+--------+-----+--------+

Top non-repeatable levels by time:
     D:2: 1165 daAuts
     D:3: 826 daAuts
     D:1: 460 daAuts
     D:6: 387 daAuts
     D:4: 228 daAuts
     D:5: 216 daAuts
